 Dungeon Crawl Stone Soup version 0.18.1-2-ga659475 (webtiles) character file.

317309 Helmschank the Acrobat (level 22, -1/153 HPs)
             Began as a Kobold Berserker on May 7, 2016.
             Was the Champion of Trog.
             Slain by a war gargoyle
             ... wielding a +0 morningstar
              (33 damage)
             ... on level 2 of the Vaults on May 9, 2016.
             The game lasted 06:27:46 (48645 turns).

Helmschank the Acrobat (Kobold Berserker)          Turns: 48645, Time: 06:27:46

Health: -1/153     AC: 13    Str: 22    XL:     22   Next: 37%
Magic:  9/9        EV: 35    Int:  5    God:    Trog [******]
Gold:   1204       SH:  7    Dex: 19    Spells: 0 memorised, 21 levels left

rFire  + . .     SeeInvis .     a - +12 quick blade (antimagic)
rCold  + . .     Gourm    .     n - +3 robe "Necu Yng" {rPois}
rNeg   . . .     Faith    .     A - +0 buckler {rC+}
rPois  +         Spirit   .     w - +1 helmet
rElec  .         Dismiss  .     N - +1 cloak
rCorr  .         Reflect  .     V - +1 pair of gloves {archery}
SustAt .         Harm     .     H - +0 pair of boots
MR     ++...                    i - amulet of regeneration
Stlth  ++++++++..               X - ring of protection from fire
                                y - ring of protection from magic

@: studying Dodging, very resistant to hostile enchantments, extraordinarily
stealthy
A: carnivore 3
a: Berserk, Trog's Hand, Brothers in Arms, Burn Spellbooks, Renounce Religion
}: 2/15 runes: serpentine, barnacled


You were on level 2 of the Vaults.
You worshipped Trog.
Trog was exalted by your worship.
You were completely stuffed.

You visited 7 branches of the dungeon, and saw 36 of its levels.
You also visited: Sewer and Ice Cave.

You collected 3781 gold pieces.
You spent 2577 gold pieces at shops.

Inventory:

Hand Weapons
 a - a +12 antimagic quick blade (weapon)
 b - the +5 hunting sling of the Revolution {velocity, rC+ Int+3}
   (You found it on level 4 of the Dungeon)

   Any stone fired from it inflicts extra damage.
   It affects your intelligence (+3).
   It protects you from cold.
 f - the +11 short sword "Niyl" {freeze, rPois MR+}
   (Trog gifted it to you on level 1 of the Vaults)

   It has been specially enchanted to freeze those struck by it, causing extra
   injury to most foes and up to half again as much damage against particularly
   susceptible opponents.
   It can also slow down cold-blooded creatures.
   It protects you from poison.
   It affects your resistance to hostile enchantments.
 z - the +1 hunting sling "Jamaucit" {venom, Str+3}
   (You bought it in a shop on level 2 of the Orcish Mines)

   It poisons the ammo it fires.
   It affects your strength (+3).
Missiles
 d - 255 sling bullets
 j - 97 tomahawks
 o - 8 poisoned tomahawks (quivered)
 s - 12 tomahawks of returning
Armour
 n - the +3 robe "Necu Yng" (worn) {rPois}
   (You found it on level 15 of the Dungeon)

   It protects you from poison.
 w - a +1 helmet (worn)
 A - a +0 buckler of cold resistance (worn)
 H - a +0 pair of boots (worn)
 N - a +1 cloak (worn)
 V - a +1 pair of gloves of archery (worn)
Rods
 r - a +2 rod of ignition (11/11)
   (You acquired it on level 8 of the Dungeon)
Jewellery
 i - an amulet of regeneration (around neck)
 y - a ring of protection from magic (left hand)
 G - an uncursed ring of positive energy
 I - an uncursed ring of flight
 K - a +6 ring of intelligence
 Q - an uncursed ring of protection from cold
 R - the ring of Vegidu {Wiz +Blink rElec Str+5 Dex-5}
   (You found it on level 4 of the Snake Pit)

   [ring of wizardry]

   It improves your spell success rate.
   It affects your strength (+5).
   It affects your dexterity (-5).
   It insulates you from electricity.
   It lets you blink.
 X - a ring of protection from fire (right hand)
Wands
 B - a wand of disintegration (14/24)
 M - a wand of heal wounds (1/9)
 P - a wand of lightning (6/15)
 W - a wand of digging (11/24)
 Z - a wand of iceblast (10/15)
Scrolls
 h - 4 scrolls of teleportation
 k - 8 scrolls of identify
 m - 9 scrolls of magic mapping
 u - 16 scrolls of remove curse
 v - 3 scrolls of recharging
 D - a scroll of silence
 E - 8 scrolls of fog
 F - 6 scrolls of fear
Potions
 g - 3 potions of heal wounds
 l - 5 potions of flight
 q - 21 potions of curing
 t - 4 potions of invisibility
 C - 4 potions of might
 J - 2 potions of cancellation
 L - a potion of resistance
 T - 7 potions of agility
 U - 4 potions of haste
Books
 e - a manual of Dodging
Comestibles
 c - 19 meat rations
 p - 11 beef jerkies
 x - 8 chunks of flesh


   Skills:
 + Level 20.7 Fighting
 - Level 12.0 Short Blades
 + Level 14.7 Slings
 - Level 6.0 Armour
 + Level 23.7 Dodging
 - Level 18.0 Stealth
 - Level 5.8 Shields
 - Level 10.0 Evocations


You had 21 spell levels left.
You didn't know any spells.

Dungeon Overview and Level Annotations

Branches:
Dungeon (15/15)            Temple (1/1) D:7            Lair (8/8) D:8
 Shoals (4/4) Lair:4        Snake (4/4) Lair:4        Slime (0/6) Lair:8
    Orc (2/2) D:12            Elf (0/3) Orc:2        Vaults (2/5) D:14
  Crypt (0/3) Vaults:2     Depths (0/5) D:15

Altars:
Ashenzari
Cheibriados
Dithmenos
Elyvilon
Fedhas
Gozag
Kikubaaqudgha
Makhleb
Nemelex Xobeh
Okawaru
Pakellas
Qazlal
Ru
Sif Muna
Trog
Vehumet
Xom
Yredelemnul
Zin
The Shining One
Jiyva

Shops:
D:4 ?   D:5 :?%%   D:6 *   D:8 :?   Orc:2 *(*[(   Shoals:1 :   Shoals:2 %?[(
Shoals:4 *


Innate Abilities, Weirdness & Mutations

You are small and have problems with some larger weapons.
You are carnivorous and can eat meat at any time.


Message History

Things that are here:
a war axe; a chain mail The war gargoyle completely misses you.
The war gargoyle launches metal splinters at you.
The spray of metal splinters hits you!
* * * LOW HITPOINT WARNING * * *
The giant orange brain pulsates.
You take 24 damage, and have 19/153 hp.
Read which item? (? for menu, Esc to quit)
As you read the scroll of fear, it crumbles to dust.
You assume a fearsome visage.
The war gargoyle is unaffected.
The war gargoyle completely misses you.
The war gargoyle launches metal splinters at you.
The spray of metal splinters hits you!
* * * LOW HITPOINT WARNING * * *
You take 14 damage, and have 6/153 hp.
Drink which item? (? for menu, Esc to quit)
You feel much better.
The war gargoyle hits you with a morningstar!!
You die...

.##.# #§§§§§§§.#.#
#..##
#§######.#.##########
#..##
#.#.)....#.#........#
.##.#
#.#.####.#.#........#
#####
#.#....#.#.#........#
#.#..>.#.#.#).......#
#.#....#.#.+.)/.....#
#.#.####.#.#.)......#
#.#......#@#..).....#
#.######.#9#........#
#........#.##########
#.########p#


#..cepcp.pc# ####G####### #G(# #(.# p... You could see an ironheart preserver, a
war gargoyle, an ironbrand convoker and a yaktaur.

Vanquished Creatures
  Saint Roka (Vaults:2)
  Jorgrun (Snake:4)
  A kraken (Shoals:3)
  A revenant (Vaults:2)
  Ilsuiw (Shoals:4)
  7 greater nagas
  Maud (Lair:8)
  7 vault wardens
  An orc warlord (Orc:1)
  Louise (Snake:1)
  2 ironheart preservers
  Azrael (D:13)
  A dire elephant (D:15)
  6 merfolk javelineers (Shoals:4)
  A deep elf death mage (Vaults:2)
  Josephine (Lair:4)
  3 vault guards (Vaults:2)
  An ice dragon (Lair:6)
  4 merfolk impalers
  3 yaktaur captains
  The ghost of Raderak the Quickloader, a journeyman CeFi of Okawaru (D:11)
  17 naga warriors
  12 anacondas
  3 catoblepae (Lair:8)
  Erolcha (Orc:1)
  4 merfolk avatars
  9 hydras
  A centaur warrior (Shoals:1)
  2 dancing weapons (D:14)
  An alligator snapping turtle (Shoals:3)
  2 death knights
  4 satyrs
  A tengu warrior (D:14)
  6 ogre magi
  6 merfolk aquamancers
  15 death yaks
  Urug (Lair:3)
  A queen ant (Lair:1)
  20 naga sharpshooters
  11 shock serpents
  2 shadow wraiths (Vaults:1)
  11 sea snakes
  5 naga ritualists
  2 deep trolls (Orc:2)
  5 unseen horrors
  6 hill giants
  A phantasmal warrior (Vaults:2)
  A kraken simulacrum (Shoals:4)
  7 orc knights
  9 mana vipers
  5 wolf spiders
  13 harpies
  6 ironbrand convokers
  An oklob plant (Lair:8)
  2 necromancers
  5 salamanders
  An orc sorcerer (Vaults:1)
  14 deep elf magi
  14 griffons
  13 ugly things
  4 elephants
  10 fauns
  10 cyclopes
  18 manticores
  2 centaur zombies
  8 sirens
  4 vault sentinels
  2 gargoyles
  An ice statue (IceCv)
  6 water nymphs
  4 guardian serpents
  17 naga magi
  43 black mambas
  A torpor snail (Lair:5)
  A spiny frog (shapeshifter) (Vaults:1)
  2 centaur skeletons
  A kobold demonologist (D:14)
  12 spiny frogs
  11 komodo dragons
  12 freezing wraiths
  An efreet (D:15)
  13 trolls
  6 yaktaurs
  6 polar bears
  A wind drake (Shoals:1)
  Prince Ribbit (D:6)
  31 merfolk
  27 two-headed ogres
  19 blink frogs
  A boulder beetle (Lair:5)
  4 slime creatures (D:15)
  15 snapping turtles
  3 shadows
  7 wraiths
  19 water elementals
  51 yaks
  3 wyverns
  A vampire (D:15)
  3 fire elementals
  12 hippogriffs
  A human (D:7)
  5 basilisks
  3 hogs (D:12)
  2 hungry ghosts
  A redback simulacrum (D:14)
  5 vampire mosquitoes
  Edmund (D:4)
  5 wargs
  2 hell hounds (D:13)
  20 soldier ants (Lair:1)
  69 nagas
  34 water moccasins
  35 orc warriors
  A swamp drake (Lair:3)
  16 porcupines
  A necrophage (D:11)
  11 ice beasts
  8 black bears
  3 eyes of draining
  2 phantoms
  2 wasps
  An alligator simulacrum (IceCv)
  7 sky beasts
  3 wolves
  53 ogres
  12 centaurs
  5 big kobolds
  9 crocodiles
  20 giant frogs
  2 wyvern zombies
  6 scorpions
  10 killer bees
  An orc simulacrum (Vaults:1)
  8 wights
  5 howler monkeys
  4 electric eels
  2 vampire bats (Lair:4)
  5 crimson imps
  A giant frog zombie (D:12)
  2 draconian simulacra (IceCv)
  5 hounds
  A two-headed ogre zombie (Orc:1)
  A wasp zombie (D:6)
  3 jellies
  4 giant frog skeletons
  16 orc priests
  28 orc wizards
  8 iguanas
  2 polar bear simulacra (Lair:4)
  2 spriggan simulacra (IceCv)
  7 hell rats
  34 worker ants
  2 yak simulacra (Lair:4)
  8 wolf simulacra
  6 troll simulacra (IceCv)
  31 sheep
  2 centaur simulacra (IceCv)
  A hound skeleton (D:10)
  4 worker ant zombies
  Robin (D:2)
  2 howler monkey zombies
  8 gnolls (D:8)
  A howler monkey skeleton (D:4)
  34 river rats
  27 adders
  7 naga simulacra (IceCv)
  An ogre simulacrum (IceCv)
  A shadow imp (D:15)
  12 white imps (IceCv)
  An ooze (D:1)
  3 worms
  3 adder skeletons
  A dart slug (D:4)
  6 giant geckos
  115 orcs
  11 bats
  4 giant cockroaches
  15 goblins
  10 hobgoblins
  8 jackals
  28 kobolds
  6 quokkas
  2 ball pythons
  3 giant newts
  2 gnoll zombies (D:2)
  A jackal skeleton (D:9)
  A quokka skeleton (D:6)
  9 rats
  2 river rat simulacra (Lair:4)
  2 fungi
  3 plants
  4 tentacles (Shoals:3)
1561 creatures vanquished.

Vanquished Creatures (collateral kills)
  Mara (Snake:4)
  Vashnia (Snake:3)
  2 greater nagas (Snake:4)
  2 satyrs (Shoals:3)
  An alligator snapping turtle (Shoals:3)
  3 death yaks (Lair:6)
  2 naga sharpshooters
  A shock serpent (Snake:4)
  A sea snake (Shoals:3)
  3 harpies (Shoals:1)
  2 fauns (Shoals:3)
  3 elephants (Lair:6)
  A siren (Shoals:1)
  A vault sentinel (Vaults:2)
  A freezing wraith (Vaults:2)
  3 blink frogs (Lair:6)
  2 two-headed ogres (Vaults:2)
  A merfolk (Shoals:1)
  2 snapping turtles
  A naga (Snake:4)
  An orc warrior (Vaults:2)
  2 ogres (Vaults:2)
  5 killer bees (D:9)
  An orc priest (Vaults:2)
  A sheep (Shoals:3)
  An orc (Vaults:2)
45 creatures vanquished.

Vanquished Creatures (others)
  A naga warrior (Snake:1)
  A naga (Snake:2)
  A bush (Lair:6)
  5 fungi
  9 plants
  29 tentacles (Shoals:3)
  1471 tentacle segments (Shoals:3)
1517 creatures vanquished.

Grand Total: 3123 creatures vanquished

Notes
Turn   | Place    | Note
--------------------------------------------------------------
     0 | D:1      | Helmschank the Kobold Berserker began the quest for the Orb.
     0 | D:1      | Reached XP level 1. HP: 14/14 MP: 1/1
   138 | D:1      | Reached XP level 2. HP: 11/19 MP: 2/2
   673 | D:1      | Reached skill level 5 in Short Blades
   673 | D:1      | Reached XP level 3. HP: 23/23 MP: 3/3
   755 | D:2      | Reached ** piety under Trog
   963 | D:2      | Found a faded altar to an unknown god.
  1003 | D:2      | Noticed Robin
  1027 | D:2      | Killed Robin
  1027 | D:2      | Reached skill level 3 in Dodging
  1029 | D:2      | Reached XP level 4. HP: 28/28 MP: 4/4
  1043 | D:2      | Got a translucent helmet
  1064 | D:2      | Identified the cursed -5 helmet of Exclusion {MP+9 Str+3 Dex+4 Stlth-} (You took it off Robin on level 2 of the Dungeon)
  1492 | D:2      | Found a basalt altar of Yredelemnul.
  1774 | D:3      | Reached XP level 5. HP: 31/32 MP: 5/5
  1788 | D:3      | Found a glowing drain.
  1797 | Sewer    | Entered a sewer
  1890 | Sewer    | Noticed a big kobold
  1914 | Sewer    | Killed a big kobold
  1921 | Sewer    | Reached *** piety under Trog
  1931 | Sewer    | Reached XP level 6. HP: 16/37 MP: 6/6
  2171 | Sewer    | Found a white marble altar of Elyvilon.
  2400 | D:3      | Reached skill level 4 in Dodging
  2450 | D:3      | Found a glowing golden altar of the Shining One.
  2972 | D:4      | Got a brightly glowing hunting sling
  2991 | D:4      | Found a bloodstained altar of Trog.
  3035 | D:3      | Reached XP level 7. HP: 19/41 MP: 7/7
  3391 | D:4      | Identified the +5 hunting sling of the Revolution {velocity, rC+ Int+3} (You found it on level 4 of the Dungeon)
  3635 | D:4      | Noticed Edmund
  3645 | D:4      | Killed Edmund
  3645 | D:4      | Reached skill level 1 in Slings
  3645 | D:4      | Reached skill level 5 in Dodging
  3699 | D:4      | Reached XP level 8. HP: 36/46 MP: 8/8
  3743 | D:4      | Found Xeisekh's Magic Scroll Boutique.
  3751 | D:4      | Bought a scroll of fog for 22 gold pieces
  3751 | D:4      | Bought a scroll of fear for 38 gold pieces
  3751 | D:4      | Bought a scroll of identify for 22 gold pieces
  4126 | D:4      | Reached **** piety under Trog
  4210 | D:5      | Entered Level 5 of the Dungeon
  4255 | D:5      | Found Miusejoq's Book Shoppe.
  4368 | D:5      | Found a sparkling altar of Nemelex Xobeh.
  4406 | D:5      | Found Tuad's Magic Scroll Shoppe.
  4409 | D:5      | Bought a scroll of identify for 28 gold pieces
  4409 | D:5      | Bought a scroll of identify for 28 gold pieces
  4409 | D:5      | Bought a scroll of identify for 28 gold pieces
  4474 | D:5      | Reached skill level 6 in Dodging
  4492 | D:5      | Reached skill level 10 in Short Blades
  4563 | D:5      | Found Liohip's Food Shoppe.
  4578 | D:5      | Found a deep blue altar of Sif Muna.
  4811 | D:5      | Found Ocegy's Food Shoppe.
  4979 | D:6      | Reached XP level 9. HP: 47/52 MP: 9/9
  5048 | D:6      | Found a radiant altar of Vehumet.
  5165 | D:6      | Found Zumm's Elemental Accessories.
  5312 | D:6      | Noticed Prince Ribbit
  5331 | D:6      | Killed Prince Ribbit
  5434 | D:6      | Received a gift from Trog
  5572 | D:6      | Reached skill level 7 in Dodging
  5780 | D:6      | Reached skill level 5 in Fighting
  6247 | D:6      | Reached skill level 1 in Stealth
  6353 | D:7      | Reached XP level 10. HP: 43/60 MP: 10/10
  6360 | D:7      | Reached skill level 8 in Dodging
  6376 | D:6      | Reached ***** piety under Trog
  6567 | D:7      | Found a snail-covered altar of Cheibriados.
  6705 | D:7      | Found an iron altar of Okawaru.
  6799 | D:7      | Received a gift from Trog
  6909 | D:7      | Found a staircase to the Ecumenical Temple.
  6915 | Temple   | Entered the Ecumenical Temple
  7159 | D:7      | Found a burning altar of Makhleb.
  7209 | D:8      | Reached skill level 5 in Stealth
  7292 | D:8      | Found a staircase to the Lair.
  7293 | D:8      | Noticed a komodo dragon
  7308 | D:8      | Killed a komodo dragon
  7308 | D:8      | Reached skill level 9 in Dodging
  7371 | D:8      | Found Pihao's Magic Scroll Shoppe.
  7403 | D:8      | Identified a scroll of acquirement
  7405 | D:8      | Identified a +2 rod of ignition (11/11) (You acquired it on level 8 of the Dungeon)
  7759 | D:8      | Found Baumeb Cuse's Book Emporium.
  8165 | Lair:1   | Entered Level 1 of the Lair of Beasts
  8246 | Lair:1   | Reached skill level 1 in Shields
  8368 | Lair:1   | Noticed a queen ant
  8380 | Lair:1   | Reached XP level 11. HP: 68/68 MP: 3/11
  8505 | Lair:1   | Killed a queen ant
  8718 | Lair:1   | Received a gift from Trog
  8774 | Lair:1   | Reached skill level 5 in Shields
  9157 | Lair:1   | Noticed a five-headed hydra
  9167 | Lair:1   | Killed a five-headed hydra
  9167 | Lair:1   | Reached skill level 10 in Fighting
  9174 | Lair:1   | Reached skill level 10 in Dodging
  9336 | Lair:1   | Reached XP level 12. HP: 73/78 MP: 4/12
 10091 | Lair:2   | Reached skill level 5 in Slings
 10312 | Lair:2   | Got a dazzling chain mail
 10572 | Lair:3   | Received a gift from Trog
 10595 | Lair:3   | Noticed Urug
 10664 | Lair:3   | Killed Urug
 10962 | Lair:3   | Reached skill level 1 in Evocations
 11047 | Lair:3   | Received a gift from Trog
 11053 | Lair:3   | Noticed a four-headed hydra
 11066 | Lair:3   | Killed a four-headed hydra
 11542 | Lair:3   | Reached skill level 11 in Dodging
 11795 | Lair:3   | Received a gift from Trog
 12111 | Lair:4   | Reached XP level 13. HP: 84/84 MP: 5/16
 12245 | Lair:4   | Reached ****** piety under Trog
 12442 | Lair:4   | Received a gift from Trog
 12565 | Lair:4   | Noticed Josephine
 12698 | Lair:4   | Found a staircase to the Snake Pit.
 12743 | Lair:4   | Killed Josephine
 12743 | Lair:4   | Received a gift from Trog
 12758 | Lair:4   | Reached skill level 5 in Evocations
 12833 | Lair:4   | Found a staircase to the Shoals.
 12861 | Lair:4   | Reached skill level 12 in Dodging
 13596 | Lair:4   | Noticed an eight-headed hydra
 13604 | Lair:4   | Killed an eight-headed hydra
 14268 | Lair:5   | Noticed a seven-headed hydra
 14283 | Lair:5   | Killed a seven-headed hydra
 14499 | Lair:5   | Identified the cursed +1 chain mail of Charity {Int+4 Dex+7} (You found it on level 2 of the Lair of Beasts)
 14807 | Lair:6   | Found a frozen archway.
 14811 | Lair:6   | Noticed an ice dragon
 14847 | Lair:6   | Reached skill level 13 in Dodging
 14969 | Lair:6   | Killed an ice dragon
 14969 | Lair:6   | Reached skill level 10 in Slings
 14995 | IceCv    | Entered an ice cave
 15084 | IceCv    | Received a gift from Trog
 15176 | IceCv    | Reached XP level 14. HP: 92/92 MP: 6/18
 15458 | IceCv    | Found an ancient bone altar of Kikubaaqudgha.
 15709 | IceCv    | Identified the Incunabulum of the Glacier
 16388 | Lair:6   | Received a gift from Trog
 16512 | Lair:6   | Reached skill level 10 in Stealth
 16682 | Lair:6   | Received a gift from Trog
 16819 | Lair:6   | Reached skill level 14 in Dodging
 17427 | Lair:7   | Received a gift from Trog
 18310 | Lair:8   | Entered Level 8 of the Lair of Beasts
 18554 | Lair:8   | Found a viscous altar of Jiyva.
 18554 | Lair:8   | Found a staircase to the Slime Pits.
 18608 | Lair:8   | Noticed Maud
 18627 | Lair:8   | Killed Maud
 18797 | Lair:8   | Reached XP level 15. HP: 100/100 MP: 7/21
 19461 | Lair:8   | Reached skill level 15 in Dodging
 20441 | D:9      | Received a gift from Trog
 20943 | D:9      | Found a white marble altar of Elyvilon.
 21035 | D:10     | Entered Level 10 of the Dungeon
 21178 | D:10     | Received a gift from Trog
 21808 | D:11     | Noticed Raderak's ghost (journeyman CeFi)
 21850 | D:11     | Killed Raderak's ghost
 22152 | D:11     | Reached skill level 15 in Fighting
 22906 | D:12     | Found a staircase to the Orcish Mines.
 23116 | D:12     | Received a gift from Trog
 23172 | D:12     | Found a huge runed gate.
 23190 | D:12     | Found a huge runed gate.
 23191 | D:12     | Found a huge runed gate.
 23192 | D:12     | Found a huge runed gate.
 23579 | Orc:1    | Entered Level 1 of the Orcish Mines
 23591 | Orc:1    | Received a gift from Trog
 23592 | Orc:1    | Got a smoking shortbow {god gift}
 23953 | Orc:1    | Noticed Erolcha
 23958 | Orc:1    | Killed Erolcha
 24126 | Orc:2    | Entered Level 2 of the Orcish Mines
 24212 | Orc:2    | Found Maothol's General Store.
 24323 | Orc:2    | Reached skill level 16 in Dodging
 24614 | Orc:2    | Reached XP level 16. HP: 100/108 MP: 8/22
 24692 | Orc:2    | Received a gift from Trog
 24926 | Orc:2    | Found a staircase to the Elven Halls.
 24941 | Orc:2    | Found Bom Hyhif's Antique Weapon Shoppe.
 24942 | Orc:2    | Found Naukhlooj's Assorted Antiques.
 25015 | Orc:2    | Found Niaroext's Armour Shop.
 25027 | Orc:2    | Found Rafiras's Weapon Emporium.
 25133 | Orc:2    | Bought an ancient hunting sling for 214 gold pieces
 25138 | Orc:2    | Bought an ancient scale mail for 252 gold pieces
 25138 | Orc:2    | Bought a scroll of teleportation for 84 gold pieces
 25138 | Orc:2    | Bought a potion of curing for 84 gold pieces
 25153 | Orc:2    | Identified the cursed +1 hunting sling "Jamaucit" {venom, Str+3} (You bought it in a shop on level 2 of the Orcish Mines)
 25154 | Orc:2    | Identified the +1 scale mail "Zosidick" {rPois rN++ Regen+ Slay-3} (You bought it in a shop on level 2 of the Orcish Mines)
 25792 | Orc:1    | Received a gift from Trog
 26800 | D:13     | Noticed Azrael
 26881 | D:13     | Killed Azrael
 27143 | D:13     | Received a gift from Trog
 27143 | D:13     | Reached skill level 10 in Evocations
 27572 | D:14     | Reached skill level 17 in Dodging
 27577 | D:14     | Received a gift from Trog
 28114 | D:14     | Got a crude war axe {chop}
 28115 | D:14     | Identified the cursed +1 war axe of Certain Death {chop, Int+3} (You took it off an orc on level 14 of the Dungeon)
 28578 | D:14     | Found an opulent altar of Gozag.
 28718 | D:14     | Found a gate to the Vaults.
 28740 | D:14     | Received a gift from Trog
 28782 | D:14     | Reached XP level 17. HP: 116/116 MP: 8/24
 28939 | D:15     | Entered Level 15 of the Dungeon
 29033 | D:15     | Got an ancient robe
 29034 | D:15     | Identified the +3 robe "Necu Yng" {rPois} (You found it on level 15 of the Dungeon)
 29072 | D:15     | Found a sacrificial altar of Ru.
 29300 | D:15     | Received a gift from Trog
 29312 | D:15     | Found a staircase to the Depths.
 30508 | Snake:1  | Entered Level 1 of the Snake Pit
 30725 | Snake:1  | Noticed Louise
 30742 | Snake:1  | Killed Louise
 30742 | Snake:1  | Reached skill level 18 in Dodging
 31249 | Snake:1  | Received a gift from Trog
 31695 | Snake:1  | Received a gift from Trog
 32799 | Snake:2  | Reached skill level 15 in Stealth
 32821 | Snake:2  | Reached XP level 18. HP: 124/124 MP: 8/25
 33745 | Snake:3  | Noticed Vashnia
 33839 | Snake:3  | Received a gift from Trog
 34188 | Snake:3  | Reached skill level 19 in Dodging
 34294 | Snake:3  | Received a gift from Trog
 35571 | Snake:3  | Killed Vashnia
 36059 | Snake:4  | Entered Level 4 of the Snake Pit
 36122 | Snake:4  | Noticed Jorgrun
 36129 | Snake:4  | Killed Jorgrun
 36240 | Snake:4  | Got a glittering bronze ring
 36241 | Snake:4  | Identified the ring of Vegidu {Wiz +Blink rElec Str+5 Dex-5} (You found it on level 4 of the Snake Pit)
 36272 | Snake:4  | Noticed Mara
 36301 | Snake:4  | Killed Mara
 36501 | Snake:4  | Reached XP level 19. HP: 122/131 MP: 8/26
 36585 | Snake:4  | Received a gift from Trog
 37397 | Snake:4  | Received a gift from Trog
 37409 | Snake:4  | Got a serpentine rune of Zot
 37648 | Snake:4  | Reached skill level 20 in Dodging
 38500 | Snake:4  | Received a gift from Trog
 38815 | Lair:1   | Reached XP level 20. HP: 139/139 MP: 27/27
 38893 | Shoals:1 | Entered Level 1 of the Shoals
 39702 | Shoals:1 | Found Inijin's Book Shoppe.
 39712 | Shoals:1 | Bought a manual of Dodging for 1435 gold pieces
 40497 | Shoals:2 | Found Jolyps's Food Shoppe.
 40545 | Shoals:2 | Found Zieceety's Magic Scroll Shoppe.
 40545 | Shoals:2 | Found Puituck's Antique Armour Boutique.
 40580 | Shoals:2 | Bought a scroll of blinking for 90 gold pieces
 40595 | Shoals:2 | Found Vocohoqi's Antique Weapon Shop.
 40657 | Shoals:2 | Bought an opalescent robe for 148 gold pieces
 40657 | Shoals:2 | Bought a glowing ring mail for 104 gold pieces
 40657 | Shoals:2 | Identified the +2 robe of Defiance {rN+ Str+2 Int+7} (You bought it in a shop on level 2 of the Shoals)
 41044 | Shoals:2 | Received a gift from Trog
 41410 | Shoals:3 | Reached skill level 21 in Dodging
 41421 | Shoals:3 | Reached XP level 21. HP: 50/144 MP: 28/28
 41915 | Shoals:3 | Received a gift from Trog
 42301 | Shoals:3 | Received a gift from Trog
 42802 | Shoals:4 | Entered Level 4 of the Shoals
 42989 | Shoals:4 | Received a gift from Trog
 43640 | Shoals:4 | Received a gift from Trog
 44217 | Shoals:4 | Found Wobied's Whimsical Warehouse.
 44285 | Shoals:4 | Reached skill level 22 in Dodging
 44410 | Shoals:4 | Noticed Ilsuiw
 44875 | Shoals:4 | Killed Ilsuiw
 44903 | Shoals:3 | Received a gift from Trog
 45187 | Shoals:4 | Received a gift from Trog
 45285 | Shoals:4 | Got a barnacled rune of Zot
 46003 | Vaults:1 | Entered Level 1 of the Vaults
 46170 | Vaults:1 | Received a gift from Trog
 46257 | Vaults:1 | Received a gift from Trog
 46479 | Vaults:1 | Got a slimy short sword {god gift}
 46480 | Vaults:1 | Identified the +11 short sword "Niyl" {freeze, rPois MR+} (Trog gifted it to you on level 1 of the Vaults)
 47190 | Vaults:1 | Reached skill level 23 in Dodging
 47237 | Vaults:1 | Reached XP level 22. HP: 118/153 MP: 9/29
 47679 | Vaults:1 | You fall through a shaft!
 47922 | Vaults:2 | Noticed Saint Roka
 47982 | Vaults:2 | Killed Saint Roka
 48444 | Vaults:2 | Found a staircase to the Crypt.
 48516 | Vaults:2 | Received a gift from Trog
 48643 | Vaults:2 | HP: 6/153 [war gargoyle/spray of metal splinters (15)]
 48645 | Vaults:2 | Slain by a war gargoyle

Skill      XL: |  1  2  3  4  5  6  7  8  9 10 11 12 13 14 15 16 17 18 19 20 21 |
---------------+----------------------------------------------------------------+-----
Short Blades   | 5 6 7 8 10 12 | 12.0
Dodging        | 3 4 5 6 7 9 10 11 13 14 16 17 18 19 20 21 23 | 23.7
Armour         | 2 3 4 6 |  6.0
Slings         | 1 3 4 8 10 11 12 13 14 | 14.7
Fighting       | 5 8 10 11 12 14 15 16 17 18 19 20 | 20.7
Stealth        | 2 7 8 10 12 15 16 18 | 18.0
Shields        | 1 5 |  5.8
Evocations     | 4 6 8 10 | 10.0

Action                   |  1- 3 |  4- 6 |  7- 9 | 10-12 | 13-15 | 16-18 | 19-21 | 22-24 || total
-------------------------+-------+-------+-------+-------+-------+-------+-------+-------++-------
Melee: Short sword       |   112 |     6 |    54 |    42 |       |       |       |       ||   214
       Dagger            |       |   160 |   284 |    16 |       |       |       |       ||   460
       Quick blade       |       |       |       |   611 |  1374 |  1510 |  1504 |   360 ||  5359
       Hunting sling     |       |       |       |       |       |     1 |       |       ||     1
 Fire: Hunting sling     |       |       |   113 |   311 |   790 |   809 |  1002 |    28 ||  3053
Throw: Stone             |     6 |    10 |     4 |     2 |       |       |       |       ||    22
       Tomahawk          |       |       |       |     1 |    51 |    20 |    10 |     1 ||    83
Invok: Berserk           |     1 |     1 |     5 |     5 |    10 |     8 |     7 |     1 ||    38
       Trog's Hand       |       |     1 |     1 |       |     2 |     3 |     3 |     1 ||    11
       Brothers in Arms  |       |       |       |       |     3 |     2 |     5 |     1 ||    11
Evoke: Wand              |       |       |       |       |       |     3 |       |       ||     3
       Rod               |       |       |       |       |       |     2 |       |       ||     2
  Use: Scroll            |       |     5 |    14 |    10 |     9 |     8 |    10 |     1 ||    57
       Potion            |       |       |       |       |       |       |     5 |     1 ||     6
 Stab: Sleeping          |       |       |       |    11 |    30 |    27 |    16 |     7 ||    91
       Petrified         |       |       |       |       |     1 |       |       |       ||     1
       Distracted        |       |       |       |       |       |     4 |     4 |     1 ||     9
  Eat: Chunk             |     9 |     8 |    14 |    27 |    49 |    45 |    43 |     6 ||   201
Armor: Ring mail         |    10 |    17 |     5 |       |       |       |       |       ||    32
       Leather armour    |       |       |    26 |    20 |    33 |       |       |       ||    79
       Robe              |       |       |       |       |    21 |    67 |    85 |     5 ||   178
Dodge: Dodged            |    72 |    93 |   145 |   196 |   528 |   653 |  1110 |   105 ||  2902
Block: Buckler           |       |       |       |    53 |   177 |   242 |   346 |    31 ||   849
